 Dungeon Crawl Stone Soup version 0.21.1 (webtiles) character file.

57 Faustar the Cudgeler (level 4, -5/26 HPs)
             Began as a Gargoyle Gladiator on Feb 5, 2018.
             Killed by divine providence
             ... invoked by an orc priest
              (11 damage)
             ... on level 3 of the Dungeon.
             The game lasted 00:02:02 (1262 turns).

Faustar the Cudgeler (Gargoyle Gladiator)           Turns: 1262, Time: 00:02:02

Health: -5/26      AC:  7    Str: 19    XL:     4   Next: 0%
Magic:  4/4        EV: 12    Int:  8    God:
Gold:   61         SH:  0    Dex: 11    Spells: 3/3 levels left

rFire    . . .     SeeInvis .   a - +0 flail
rCold    . . .     Gourm    .   (no shield)
rNeg     + . .     Faith    .   b - +0 leather armour
rPois    ∞         Spirit   .   c - +0 helmet
rElec    +         Reflect  .   (no cloak)
rCorr    .         Harm     .   (no gloves)
MR       .....                  (no boots)
Stlth    +.........             (no amulet)
HPRegen  0.08/turn              (no ring)
MPRegen  0.09/turn              (no ring)

@: no status effects
A: negative energy resistance 1, electricity resistance, unbreathing,
petrification resistance, rot immunity, AC +3
a: no special abilities


You were on level 3 of the Dungeon.
You were not hungry.

You visited 1 branch of the dungeon, and saw 4 of its levels.

You collected 61 gold pieces.

Inventory:

Hand Weapons
 a - a +0 flail (weapon)
Missiles
 d - 3 throwing nets (quivered)
Armour
 b - a +0 leather armour (worn)
 c - a +0 helmet (worn)
Jewellery
 j - an uncursed ring of ice {unknown}
 k - an uncursed ring of protection from magic {unknown}
Scrolls
 g - a scroll of teleportation {unknown}
 m - a scroll of enchant weapon {unknown}
 n - a scroll of random uselessness {unknown}
 o - a scroll of identify {unknown}
Potions
 e - a potion of curing {unknown}
 h - a potion of haste {unknown}
 i - a potion of agility {unknown}
Comestibles
 f - 3 rations
 l - 9 chunks of flesh


   Skills:
 - Level 2.1 Fighting
 + Level 4.7 Maces & Flails
 - Level 1.7 Throwing
 - Level 2.4 Dodging


You had 3 spell levels left.
You didn't know any spells.

Dungeon Overview and Level Annotations

Branches:
Dungeon (4/15)
 Temple: D:4-7

Altars:


Innate Abilities, Weirdness & Mutations

You are resistant to torment.
Your stone body is resilient. (AC +3)
You are immune to poison.
You resist negative energy. (rN+)
You are resistant to electric shocks. (rElec)
You can survive without breathing.
You are immune to petrification.
You are immune to rotting.


Message History

The orc barely misses you.
You hit the orc.
The orc is almost dead.
The orc closely misses you.
You hit the orc.
You kill the orc!
You have reached level 4!
You feel stronger.
You thump the orc priest!
The orc priest is heavily wounded.
The orc priest hits you.
* * * LOW HITPOINT WARNING * * *
You barely miss the orc priest.
The orc priest is heavily wounded.
The orc priest miscasts a cantrip.
You hit the orc priest.
The orc priest is almost dead.
The orc priest mumbles some strange prayers to Beogh against you.
Beogh smites you!
You die...

### #########.#
#...).....#
############.#######.#
.............# #.#
####################.#
#..oo@....#
######†#########
#...o)...#
..###o.......#
....>........#
.o##.........#
#.........#
#.#####+### ...


You could see an orc priest and an orc.

Vanquished Creatures
  2 worms (D:3)
  A dart slug (D:1)
  3 leopard geckos (D:1)
  An orc (D:3)
  A ball python (D:1)
  4 giant cockroaches
  3 goblins
  2 hobgoblins
  2 jackals (D:3)
  A quokka (D:2)
  5 bats
  3 frilled lizards
  9 kobolds
  7 rats
  A bush (D:1)
  A plant (D:1)
46 creatures vanquished.

Vanquished Creatures (others)
  A plant (D:1)
1 creature vanquished.

Grand Total: 47 creatures vanquished

Notes
Turn   | Place    | Note
-------+----------+-------------------------------------------
     0 | D:1      | Faustar the Gargoyle Gladiator began the quest for the Orb.
     0 | D:1      | Reached XP level 1. HP: 12/12 MP: 1/1
    99 | D:1      | Reached XP level 2. HP: 17/17 MP: 2/2
   554 | D:1      | Reached skill level 4 in Maces & Flails
   633 | D:1      | Reached XP level 3. HP: 21/21 MP: 3/3
  1012 | D:2      | You fall through a shaft for 2 floors!
  1259 | D:3      | Reached XP level 4. HP: 9/26 MP: 4/4
  1262 | D:3      | Killed from afar by an orc priest

Skill      XL: |  1  2 |
---------------+-------+-----
Maces & Flails | 4 |  4.7
Fighting       | |  2.1
Throwing       | |  1.7
Dodging        | |  2.4

Action                   |  1- 3 |  4- 6 || total
-------------------------+-------+-------++-------
Melee: Flail             |   246 |     3 ||   249
  Eat: Chunk             |     2 |       ||     2
Armor: Leather armour    |    85 |       ||    85
Dodge: Dodged            |   121 |       ||   121
